 Dungeon Crawl Stone Soup version 0.30.1-4-g462c640d31 (webtiles) character file.

Game seed: 1968915803110549568

786 FishyPogo the Trooper (level 7, -12/63 HPs)
             Began as a Minotaur Berserker on Sept 4, 2023.
             Was a Believer of Trog.
             Mangled by a gnoll
             ... wielding a +0 whip of distortion
             ... led by a gnoll bouda
              (16 damage)
             ... on level 5 of the Dungeon.
             The game lasted 00:12:06 (3344 turns).

FishyPogo the Trooper (Minotaur Berserker)          Turns: 3344, Time: 00:12:07

Health: -12/63     AC:  1    Str: 27 (30) XL:     7   Next: 56%
Magic:  6/6        EV: 12    Int:  4      God:    Trog [**....]
Gold:   108        SH:  0    Dex:  8 (9)  Spells: 6/6 levels left

rFire   . . .        a - +4 hand axe
rCold   . . .        (no shield)
rNeg    . . .        t - +0 leather armour {Will+}
rPois   .            (helmet restricted)
rElec   .            x - +0 cloak
rCorr   +            (no gloves)
SInv    .            (no boots)
Will    +....        s - amulet of the acrobat
Stlth   +            f - +6 ring of strength
HPRegen 0.30/turn    C - ring of resist corrosion
MPRegen 0.10/turn

%: acrobat
@: weakened, corroded
A: horns 2, retaliatory headbutt
a: Renounce Religion, Berserk, Trog's Hand


You were on level 5 of the Dungeon.
You worshipped Trog.
Trog was pleased with you.
You visited 1 branch of the dungeon, and saw 5 of its levels.

You collected 273 gold pieces.
You spent 165 gold pieces at shops.

Inventory:

Hand Weapons
 a - a +4 hand axe (weapon)
Missiles
 d - 40 stones (quivered)
 j - 2 javelins
Armour
 t - a +0 leather armour of willpower (worn)
 x - a +0 cloak (worn)
 y - a +0 kite shield
Jewellery
 f - a +6 ring of strength (left hand)
 s - an amulet of the acrobat (around neck)
 C - a ring of resist corrosion (right hand)
Wands
 i - a wand of digging (3)
Scrolls
 c - 3 scrolls of acquirement {unknown}
 g - 3 scrolls of identify {unknown}
 h - 2 scrolls of fear {unknown}
 k - a scroll of enchant armour {unknown}
 m - a scroll of amnesia {unknown}
 p - 3 scrolls of enchant weapon {unknown}
 q - a scroll of silence {unknown}
 u - a scroll of magic mapping {unknown}
 B - a scroll of vulnerability {unknown}
Potions
 e - a potion of curing
 n - a potion of resistance {unknown}
 o - a potion of berserk rage {unknown}
 r - 3 potions of degeneration
 v - a potion of mutation {unknown}
 w - a potion of flight {unknown}
 z - a potion of lignification {unknown}
 A - a potion of attraction {unknown}
 D - a potion of heal wounds {unknown}


   Skills:
 + Level 6.2 Fighting
 * Level 5.4 Axes
 + Level 2.7 Throwing
 * Level 5.8 Armour
 + Level 4.0 Dodging
 * Level 1.9 Shields


You had 6 spell levels left.
You didn't know any spells.
Your spell library contained the following spells:

 Spells                   Type           Power      Damage    Failure   Level
 Sting                    Tmut/Pois      0%         1d3       54%         1
 Ensorcelled Hibernation  Hex/Ice        0%         N/A       67%         2
 Passwall                 Tmut/Erth      0%         N/A       67%         2
 Poisonous Vapours        Pois/Air       0%         N/A       67%         2
 Swiftness                Air            0%         N/A       88%         3
 Olgreb's Toxic Radiance  Pois           0%         N/A       99%         4


Dungeon Overview and Level Annotations

Branches:
Dungeon (5/15)             Temple (0/1) D:4

Altars:
The Shining One

Shops:
D:3 [


Innate Abilities, Weirdness & Mutations

You have a pair of horns on your head.
You reflexively headbutt those who attack you in melee.


Message History

The gnoll struggles against the net.
You hit the gnoll.
You kill the gnoll!
Trog accepts your kill. The gnoll closely misses you.
You hit the gnoll bouda.
The gnoll bouda is moderately wounded.
You barely miss the gnoll. The gnoll barely misses you.
You hit the gnoll. You headbutt the gnoll.
The gnoll is severely wounded.
You closely miss the gnoll bouda. You hit the gnoll.
The gnoll is no longer moving quickly.
The gnoll misses you. You furiously retaliate!
You headbutt the gnoll, but do no damage.
The gnoll bouda hits you but does no damage.
The gnoll closely misses you. The gnoll hits you with a +0 flail!
You hit the gnoll.
You kill the gnoll!
Trog accepts your kill.
You hit the gnoll bouda but do no damage.
You closely miss the gnoll.
The gnoll bouda hits you with a +0 whip.
* * * LOW HITPOINT WARNING * * *
The gnoll misses you.
The gnoll bouda hits you with a +0 whip.
* * * LOW HITPOINT WARNING * * *
You feel your dexterity returning.
You hit the gnoll bouda.
The gnoll bouda is heavily wounded.
You hit the gnoll but do no damage. The gnoll closely misses you.
The gnoll bouda hits you with a +0 whip.
* * * LOW HITPOINT WARNING * * *
Unknown command.
You hit the gnoll. You headbutt the gnoll.
The gnoll is severely wounded.
You hit the gnoll bouda but do no damage.
The gnoll hits you with a +0 whip of distortion.
* * * LOW HITPOINT WARNING * * *
Space warps horribly around you!
You die...

############# ............#
########### .........(..#######
#.....>...# ..................#
#####.....## ..)........(......#
....#.....>#
..................#.###.#......#
.........))....)g.'.#...#......#
##########.....g@.'.#._.#...=..#
#..(.....'.#...#......#
#.....(..#.###.#......#
#......(.# ....#......#
#######..# ####...†..# #########
#... ####'#.## #.......# #...
#..... #.......# #...# ####.##
#.......# #......


You could see a gnoll bouda and a gnoll (swift).

Vanquished Creatures
  Sigmund (D:2)
  An ogre (D:5)
  A gnoll sergeant (D:4)
  A scorpion (D:5)
  A howler monkey (D:5)
  Crazy Yiuf (D:4)
  2 jellies
  Jessica (D:2)
  An iguana (D:5)
  11 gnolls
  6 adders
  An ufetubus (D:5)
  3 worms
  3 dart slugs
  3 orcs
  5 bats
  7 endoplasms
  3 giant cockroaches
  A goblin (D:1)
  4 hobgoblins
  9 kobolds
  5 quokkas
  4 ball pythons
  4 frilled lizards
  8 rats
87 creatures vanquished.

Notes
Turn   | Place    | Note
-------+----------+-------------------------------------------
     0 | D:1      | FishyPogo the Minotaur Berserker began the quest for the
                  | Orb.
     0 | D:1      | Reached XP level 1. HP: 19/19 MP: 0/0
     5 | D:1      | Found a faded altar of an unknown god.
   103 | D:1      | Reached XP level 2. HP: 23/27 MP: 1/1
   330 | D:1      | Reached skill level 4 in Fighting
   343 | D:1      | Reached ** piety under Trog
   600 | D:2      | Noticed Sigmund
   605 | D:2      | Killed Sigmund
   606 | D:2      | Reached skill level 5 in Fighting
   606 | D:2      | Reached skill level 1 in Throwing
   606 | D:2      | Reached XP level 3. HP: 36/36 MP: 2/2
   606 | D:2      | Reached XP level 4. HP: 42/42 MP: 3/3
   606 | D:2      | Reached XP level 5. HP: 48/48 MP: 4/4
   903 | D:2      | Noticed Jessica
   907 | D:2      | Killed Jessica
  1215 | D:2      | Reached XP level 6. HP: 56/56 MP: 5/5
  1801 | D:3      | Found Ryumiess's Antique Armour Emporium.
  1805 | D:3      | Bought a runed leather armour for 165 gold pieces
  2046 | D:4      | Reached skill level 5 in Armour
  2223 | D:4      | Found a staircase to the Ecumenical Temple.
  2401 | D:4      | Found a runed translucent door.
  2402 | D:4      | Noticed Crazy Yiuf
  2413 | D:4      | HP: 2/57 [Crazy Yiuf/+4 quarterstaff of chaos (3)]
  2416 | D:4      | Killed Crazy Yiuf
  2850 | D:5      | Entered Level 5 of the Dungeon
  2928 | D:5      | Reached skill level 6 in Fighting
  2941 | D:5      | Reached XP level 7. HP: 63/63 MP: 6/6
  3037 | D:5      | Reached skill level 5 in Axes
  3258 | D:5      | Reached skill level 1 in Shields
  3335 | D:5      | Found a glowing golden altar of the Shining One.
  3344 | D:5      | Mangled by a gnoll

Illustrated notes

Levels and vault maps discovered:
D:1:      ldierk_walled_garden, layout_rooms, basic_ecumenical_altar,
          kennysheep_flooded_box, lexackson_kobold_supper
D:2:      minmay_inner_zag, layout_loops_cross, uniq_jessica, uniq_sigmund
D:3:      layout_rooms, serial_shops, nicolae_shop_back_alley_shop
D:4:      layout_cave_pools, minmay_temple_entry_poolview,
          uniq_crazy_yiuf_cottage
D:5:      kennysheep_big_flooded_room, layout_basic,
          mainiacjoe_overflow_alcove_4

Skill      XL: |  1  2  3  4  5  6  7 |
---------------+----------------------+-----
Fighting       | 5 6 |  6.2
Armour         | 4 5 |  5.8
Axes           | 4 5 |  5.4
Throwing       | 1 2 |  2.7
Dodging        | 3 4 |  4.0
Shields        | 1 |  1.9

Action                     |  1- 3 |  4- 6 |  7- 9 || total
---------------------------+-------+-------+-------++-------
  Melee: Hand axe          |    65 |    94 |    25 ||   184
         Headbutt          |     9 |    15 |     6 ||    30
         Punch             |       |     1 |       ||     1
  Throw: Dart              |       |       |     7 ||     7
         Stone             |       |       |     5 ||     5
         Javelin           |       |       |     1 ||     1
         Throwing net      |       |       |     1 ||     1
 Invoke: Berserk           |     1 |     2 |       ||     3
         Trog's Hand       |     1 |     1 |       ||     2
    Use: Potion            |       |     3 |       ||     3
   Stab: Sleeping          |     1 |     1 |       ||     2
 Armour: Animal skin       |    10 |    13 |       ||    23
         Leather armour    |       |     4 |     3 ||     7
  Dodge: Dodged            |    25 |    81 |    17 ||   123
